 Seeded DCSS version 0.30.1-4-g462c640d31 (webtiles) character file.

Game seed: 5885237439974777451 (custom seed)

40 CarvArkoylaein the Trooper (level 3, -3/33 HPs)
             Began as a Minotaur Fighter on Sept 16, 2023.
             Slain by Sigmund
             ... wielding a +0 scythe
              (7 damage)
             ... on level 2 of the Dungeon.
             The game lasted 00:02:59 (1090 turns).

CarvArkoylaein the Trooper (Minotaur Fighter)       Turns: 1090, Time: 00:03:00

Health: -3/33      AC:  7    Str: 22    XL:     3   Next: 30%
Magic:  2/2        EV:  9    Int:  5    God:
Gold:   13         SH:  4    Dex:  9    Spells: 2/2 levels left

rFire   . . .        a - +0 war axe
rCold   . . .        c - +0 buckler
rNeg    . . .        b - +0 scale mail
rPois   .            (helmet restricted)
rElec   .            (no cloak)
rCorr   .            (no gloves)
SInv    .            (no boots)
Will    .....        (no amulet) Stlth
                     (no ring)
HPRegen 0.25/turn    (no ring)
MPRegen 0.08/turn

%: no passive effects
@: mighty
A: horns 2, retaliatory headbutt
a: no special abilities


You were on level 2 of the Dungeon.
You visited 1 branch of the dungeon, and saw 2 of its levels.

You collected 13 gold pieces.

Inventory:

Hand Weapons
 a - a +0 war axe (weapon)
Armour
 b - a +0 scale mail (worn)
 c - a +0 buckler (worn)
Scrolls
 e - a scroll of fear {unknown}
 g - a scroll of summoning {unknown}
 h - a scroll of enchant armour {unknown}
 i - 2 scrolls of identify {unknown}
 k - a scroll of blinking {unknown}
 l - a scroll of vulnerability {unknown}
Potions
 f - a potion of attraction {unknown}
 j - 2 potions of curing {unknown}


   Skills:
 + Level 4.1 Fighting
 + Level 3.3 Axes
 + Level 4.0 Armour
 + Level 4.0 Shields


You had 2 spell levels left.
You didn't know any spells.
Your spell library contained the following spells:

 Spells                   Type           Power      Damage    Failure   Level
 Beastly Appendage        Tmut           0%         N/A       86%         1
 Wereblood                Tmut           0%         N/A       94%         2
 Spider Form              Tmut/Pois      0%         N/A       99%         3


Dungeon Overview and Level Annotations

Branches:
Dungeon (2/15)

Altars:

Annotations:
D:2 Sigmund


Innate Abilities, Weirdness & Mutations

You have a pair of horns on your head.
You reflexively headbutt those who attack you in melee.


Message History

The ball python closely misses you. The adder closely misses you.
You furiously retaliate!
You headbutt the adder!
You kill the adder!
You have reached level 3!
Your experience leads to an increase in your attributes!
Increase (S)trength, (I)ntelligence, or (D)exterity?
You feel stronger. x2
You closely miss the ball python. You block the ball python's attack.
The ball python grabs you. The ball python constricts you.
You slash the ball python!
You kill the ball python!
The goblin shoots a sling bullet.
The sling bullet barely misses you.
The goblin shoots a sling bullet.
You block the sling bullet.
The goblin shoots a sling bullet.
A goblin is nearby!
A goblin is nearby!
An endoplasm comes into view.
The endoplasm quivers.
The goblin shoots a sling bullet.
The sling bullet hits you.
The goblin shoots a sling bullet.
A magic dart appears from out of thin air!
The magic dart hits you.
You slash the endoplasm!
You kill the endoplasm!
The goblin shoots a sling bullet.
You block the sling bullet.
You hear some strange, mumbled words.
Something tries to affect you, but you resist.
The goblin shoots a sling bullet.
The sling bullet hits you. Something hits you!
* * * LOW HITPOINT WARNING * * *
The goblin shoots a sling bullet.
The sling bullet barely misses you.
A goblin is nearby!
A goblin is nearby!
A goblin is nearby!
A magic dart appears from out of thin air!
The magic dart hits you.
* * * LOW HITPOINT WARNING * * *
You feel very mighty all of a sudden. Something hits you!
You die...

###################
#[.............ยง...
####.@..####...#.#####
........###.###..........
######..# #..##g..#.#####
.####.###..###.##.# #
.........{..##.##.#####
.......#...............
###...............#####
......#.#g.#####..# #
###...............# #


There were no monsters in sight!

Vanquished Creatures
  An adder (D:2)
  4 endoplasms
  2 giant cockroaches (D:1)
  2 goblins (D:1)
  4 hobgoblins (D:1)
  2 quokkas (D:1)
  3 ball pythons
  A bat (D:2)
  5 kobolds (D:1)
  3 rats (D:1)
27 creatures vanquished.

Notes
Turn   | Place    | Note
-------+----------+-------------------------------------------
     0 | D:1      | CarvArkoylaein the Minotaur Fighter began the quest for the
                  | Orb.
     0 | D:1      | Reached XP level 1. HP: 19/19 MP: 0/0
   281 | D:1      | Reached XP level 2. HP: 27/27 MP: 1/1
   994 | D:2      | Noticed Sigmund
  1069 | D:2      | Reached XP level 3. HP: 18/33 MP: 2/2
  1090 | D:2      | Slain by Sigmund

Illustrated notes

Levels and vault maps discovered:
D:1:      onia_arrival_mini_spirals, layout_loops_corners,
          chequers_serial_rivers_micro_d, st_stairs_1
D:2:      layout_loops_ring, reono_crystal_passage, uniq_sigmund

Skill      XL: |  1  2 |
---------------+-------+-----
Shields        | 4 |  4.0
Fighting       | 4 |  4.1
Axes           | 3 |  3.3
Armour         | 4 |  4.0

Action                     || total
---------------------------++-------
  Melee: War axe           ||    48
         Headbutt          ||     7
    Use: Potion            ||     1
 Armour: Scale mail        ||    18
  Dodge: Dodged            ||    30
  Block: Buckler           ||    12
